 Dungeon Crawl Stone Soup version 0.28-a0-793-g31680bbd8b (webtiles) character file.

Game seed: 3383243046905014413

210 ytrimaz the Cutter (level 5, -3/41 HPs)
             Began as a Demonspawn Fighter on Nov 3, 2021.
             Was an Initiate of Okawaru.
             Slain by a gnoll (6 damage)
             ... on level 4 of the Dungeon.
             The game lasted 00:03:09 (3222 turns).

ytrimaz the Cutter (Demonspawn Fighter)             Turns: 3222, Time: 00:03:09

Health: -3/41      AC: 11    Str: 17    XL:     5   Next: 56%
Magic:  5/5        EV:  5    Int: 10    God:    Okawaru [......]
Gold:   126        SH:  8    Dex: 12    Spells: 4/4 levels left

rFire   . . .      SeeInvis .   a - +0 rapier
rCold   . . .      Faith    .   c - +0 buckler
rNeg    . . .      Spirit   .   p - +0 plate armour
rPois   .          Reflect  .   (no helmet)
rElec   .          Harm     .   (no cloak)
rCorr   .          Rampage  .   (no gloves)
Will    .....                   (no boots)
Stlth   ..........              (no amulet)
HPRegen 0.13/turn               g - ring of flight
MPRegen 0.09/turn               (no ring)

@: mighty, flying
A: condensation shield
a: Renounce Religion


You were on level 4 of the Dungeon.
You worshipped Okawaru.
Okawaru was noncommittal.
You visited 1 branch of the dungeon, and saw 4 of its levels.

You collected 126 gold pieces.

Inventory:

Hand Weapons
 a - a +0 rapier (weapon)
Armour
 c - a +0 buckler (worn)
 p - a +0 plate armour (worn)
Jewellery
 f - a ring of ice
 g - a ring of flight (left hand)
 q - a +4 ring of evasion
Wands
 l - a wand of acid (9)
Scrolls
 b - a scroll of amnesia {unknown}
 e - a scroll of acquirement {unknown}
 h - a scroll of teleportation {unknown}
 i - 6 scrolls of identify {unknown}
 j - a scroll of noise {unknown}
 k - a scroll of blinking {unknown}
 m - a scroll of vulnerability {unknown}
Potions
 d - a potion of might
 r - a potion of heal wounds {unknown}


   Skills:
 + Level 3.4 Fighting
 * Level 3.6 Short Blades
 + Level 3.4 Armour
 * Level 1.7 Dodging
 + Level 3.3 Shields


You had 4 spell levels left.
You didn't know any spells.
Your spell library contained the following spells:

 Spells                   Type           Power      Damage    Failure   Level
 Apportation              Tloc           0%         N/A       100%        1
 Animate Skeleton         Necr           Unusable   N/A       N/A         1
 Summon Small Mammal      Summ           Unusable   N/A       N/A         1

Dungeon Overview and Level Annotations

Branches:
Dungeon (4/15)
 Temple: D:4-7

Altars:
Elyvilon
Okawaru
Qazlal
Xom


Innate Abilities, Weirdness & Mutations

A meltable shield of frost defends you. (SH +4)


Message History

You barely miss the gnoll.
The gnoll is moderately wounded.
You feel sick.
You are no longer poisoned.
Unknown command.
You feel very mighty all of a sudden.
The gnoll hits you from afar with a +0 halberd.
* * * LOW HITPOINT WARNING * * *
The gnoll hits you but does no damage.
You feel better.
The gnoll hits you but does no damage. x2
You block the gnoll's attack. The gnoll hits you but does no damage.
You hit the gnoll.
The gnoll is moderately wounded.
You block the gnoll's attack. The gnoll hits you with a +0 whip.
* * * LOW HITPOINT WARNING * * *
You puncture the gnoll!
The gnoll is almost dead.
The gnoll hits you with a +0 halberd!
* * * LOW HITPOINT WARNING * * *
The gnoll hits you but does no damage.
You barely miss the gnoll.
The gnoll is almost dead.
You block the gnoll's attack. The gnoll hits you but does no damage.
Unknown command.
You puncture the gnoll!
You kill the gnoll!
Okawaru accepts your kill. You block the gnoll's attack.
Unknown command.
Your plate armour prevents you from hitting the gnoll.
The gnoll is moderately wounded.
You block the gnoll's attack.
You puncture the gnoll!
The gnoll is almost dead.
The gnoll hits you with a +0 whip.
* * * LOW HITPOINT WARNING * * *
You barely miss the gnoll.
The gnoll is almost dead.
The gnoll hits you with a +0 whip.
You die...

#.....##...# ....
#######......#...#
.... ............#....
.... ...........#....
... ..........#....
#.. #.#####)####..#
##..####.####...###..#
#...).................
#....@g......)..>.....
#.....................
#.....................
##...###...##....##...
#... ######....#####
#.... ...........
+.... ..........).
#.... ..............
##. ..###########.


You could see a gnoll.

Vanquished Creatures
  8 gnolls
  3 adders
  A white imp (D:3)
  An adder skeleton (D:2)
  3 worms
  3 dart slugs (D:2)
  9 ball pythons
  10 bats
  2 bat zombies (D:2)
  An endoplasm (D:1)
  2 giant cockroaches (D:3)
  8 goblins
  6 hobgoblins
  3 jackals (D:1)
  4 kobolds
  3 quokkas
  2 ball python zombies (D:2)
  5 frilled lizards (D:1)
  A quokka skeleton (D:2)
  9 rats
84 creatures vanquished.

Vanquished Creatures (others)
  3 withered plants (D:2)
3 creatures vanquished.

Grand Total: 87 creatures vanquished

Notes
Turn   | Place    | Note
-------+----------+-------------------------------------------
     0 | D:1      | ytrimaz the Demonspawn Fighter began the quest for the Orb.
     0 | D:1      | Reached XP level 1. HP: 18/18 MP: 1/1
    68 | D:1      | Found a faded altar of an unknown god.
   136 | D:1      | Gained mutation: A meltable shield of frost defends you.
                  | (SH +4) [demonic ancestry]
   136 | D:1      | Reached XP level 2. HP: 21/24 MP: 2/2
   721 | D:2      | Reached skill level 1 in Dodging
   721 | D:2      | Reached XP level 3. HP: 25/29 MP: 3/3
  1046 | D:2      | Found a shimmering altar of Xom.
  1236 | D:2      | Reached XP level 4. HP: 35/35 MP: 4/4
  2399 | D:3      | Reached XP level 5. HP: 25/41 MP: 5/5
  2978 | D:3      | Found a stormy altar of Qazlal.
  2987 | D:3      | Found an iron altar of Okawaru.
  2990 | D:3      | Became a worshipper of Warmaster Okawaru
  3222 | D:4      | Slain by a gnoll

Illustrated notes

Levels and vault maps discovered:
D:1:      wheals_arrival_shading, layout_basic,
          shapermc_ecumenical_altar_mp_ritualfount
D:2:      layout_basic, basic_altar, serial_undead, serial_undead_f,
          serial_undead_f, serial_undead_c, serial_undead_d,
          kennysheep_cross_room
D:3:      layout_basic, lemuel_tele_altar, mainiacjoe_overflow_swirl
D:4:      layout_gridville

Skill      XL: |  1  2  3  4 |
---------------+-------------+-----
Short Blades   | 2 3 |  3.6
Armour         | 3 |  3.4
Dodging        | 1 |  1.7
Shields        | 3 |  3.3
Fighting       | |  3.4

Action                   |  1- 3 |  4- 6 || total
-------------------------+-------+-------++-------
Melee: Rapier            |   162 |   144 ||   306
  Use: Potion            |       |     5 ||     5
 Stab: Invisible         |       |     1 ||     1
Armor: Scale mail        |    75 |    17 ||    92
       Plate armour      |       |    49 ||    49
Dodge: Dodged            |    83 |    34 ||   117
Block: Buckler           |    73 |    67 ||   140

Table legend: (Time is in decaauts)
 A = Elapsed time spent in this place.
 B = Non-inter-level travel time spent in this place.
 C = Inter-level travel time spent in this place.
 D = Time resting spent in this place.
 E = Time spent auto-exploring this place.
 F = Levels seen in this place.
 G = Mean time per level.
                   A        B        C        D        E       F      G
               +--------+--------+--------+--------+--------+-----+--------+
         Total |   3250 |   3167 |     83 |      0 |   2495 |   4 |  812.5 |
       Dungeon |   3250 |   3167 |     83 |      0 |   2495 |   4 |  812.5 |
               +--------+--------+--------+--------+--------+-----+--------+

Top non-repeatable levels by time:
     D:3: 1263 daAuts
     D:2: 1067 daAuts
     D:1: 715 daAuts
     D:4: 203 daAuts
